 Dungeon Crawl Stone Soup version 0.28.0-43-g3370ac3207 (webtiles) character file.

Game seed: 10564285332583107034

38 demenzo the Shield-Bearer (level 3, -3/26 HPs)
             Began as an Octopode Fighter on Mar 14, 2022.
             Slain by Sigmund
             ... wielding a +2 scythe of flaming
              (7 damage)
             ... on level 2 of the Dungeon.
             The game lasted 00:01:06 (1465 turns).

demenzo the Shield-Bearer (Octopode Fighter)        Turns: 1465, Time: 00:01:06

Health: -3/26      AC:  1    Str: 15    XL:     3   Next: 43%
Magic:  3/3        EV: 13    Int: 10    God:
Gold:   54         SH:  4    Dex: 13    Spells: 2/2 levels left

rFire   . . .      SeeInvis .   a - +0 trident
rCold   . . .      Faith    .   b - +0 buckler
rNeg    . . .      Spirit   .   (helmet restricted)
rPois   .          Reflect  .   (no amulet)
rElec   .          Harm     .   (no ring)
rCorr   .          Rampage  .   (no ring)
Will    .....                   (no ring)
Stlth   +++.......              (no ring)
HPRegen 0.08/turn               (no ring)
MPRegen 0.08/turn               (no ring)
                                (no ring)
                                (no ring)

@: no status effects
A: almost no armour, amphibious, 8 rings, camouflage 1, gelatinous body 1,
(nimble swimmer 1), tentacles
a: no special abilities


You were on level 2 of the Dungeon.
You visited 1 branch of the dungeon, and saw 2 of its levels.

You collected 54 gold pieces.

Inventory:

Hand Weapons
 a - a +0 trident (weapon)
Missiles
 e - 6 sling bullets
Armour
 b - a +0 buckler (worn)
Scrolls
 d - a scroll of fog {unknown}
 g - a scroll of magic mapping {unknown}
Potions
 c - a potion of might
 f - 2 potions of curing {unknown}
 h - 2 potions of mutation {unknown}


   Skills:
 + Level 3.2 Fighting
 * Level 2.8 Polearms
 - Level 3.0 Dodging
 + Level 1.8 Stealth
 + Level 3.3 Shields


You had 2 spell levels left.
You didn't know any spells.
Your spell library contained the following spells:

 Spells                   Type           Power      Damage    Failure   Level
 Sandblast                Erth           0%         2d4       45%         1
 Passwall                 Tmut/Erth      0%         N/A       58%         2
 Stone Arrow              Conj/Erth      0%         3d7       83%         3


Dungeon Overview and Level Annotations

Branches:
Dungeon (2/15)

Altars:

Annotations:
D:2 Sigmund


Innate Abilities, Weirdness & Mutations

You cannot wear most types of armour.
You are amphibious.
You can wear up to eight rings at the same time.
Your skin changes colour to match your surroundings (Stealth+).
Your rubbery body absorbs attacks. (AC +1, EV +1)
((You are camouflaged when in or above water. (Stealth+)))
You have tentacles for arms and can constrict up to eight enemies at once.


Message History

There are monsters nearby!
The goblin shouts!
You puncture the bat!
You kill the bat!
A goblin is nearby!
You reach to attack!
You hit the goblin.
The goblin is severely wounded.
A goblin is nearby!
You hit the goblin.
You kill the goblin!
You now have 54 gold pieces (gained 15).
Things that are here:
a +0 club; a goblin corpse A goblin comes into view.
It is wielding a +0 club.
A goblin is nearby!
The goblin shouts!
You hit the goblin.
You kill the goblin!
Things that are here:
a +0 club; a goblin corpse No target in view!
A ball python comes into view.
You see here 11 gold pieces.
Sigmund the Dreaded comes into view.
He is wielding a +2 scythe of flaming and carrying a wand of flame (6).
There are monsters nearby!
There are monsters nearby!
Sigmund shouts!
You hear an angry hiss.
You hear a shout!
Sigmund casts a spell at you. The magic dart hits you!
Sigmund is nearby!
Sigmund drinks a potion.
Sigmund seems to speed up.
A kobold comes into view. It is wielding a +0 dagger.
Sigmund hits you with a +2 scythe of flaming!
Ouch! That really hurt!
* * * LOW HITPOINT WARNING * * *
Sigmund burns you.
* * * LOW HITPOINT WARNING * * *
You barely miss Sigmund. You grab Sigmund. You constrict Sigmund.
Sigmund hits you with a +2 scythe of flaming!
You die...

#...†.....#
#.##......... #....
#.###.####### #..K #.#
#.# #... #.# #.# #..
#.# #.### #.. ... #.#
#...# #.# #.# #.# #.#.#
#.# #@# #.###.#.# #.#
#@# #.##....###.# #.#
#.#†....#...# #.#
#..).)......###.######
###..#.......$......S.#
#...#.........#.#.##.#
#.#####......###.... #.
#.........# #..... ##
#......###.# #.#.#


You could see Sigmund (fast) and a kobold.

Vanquished Creatures
  An adder (D:2)
  5 ball pythons
  3 endoplasms
  4 goblins
  A hobgoblin (D:2)
  2 quokkas
  3 bats
  5 frilled lizards
  4 kobolds (D:1)
  A rat (D:1)
29 creatures vanquished.

Notes
Turn   | Place    | Note
-------+----------+-------------------------------------------
     0 | D:1      | demenzo the Octopode Fighter began the quest for the Orb.
     0 | D:1      | Reached XP level 1. HP: 16/16 MP: 1/1
   384 | D:1      | Reached XP level 2. HP: 21/21 MP: 2/2
   424 | D:1      | Reached skill level 1 in Stealth
  1125 | D:2      | Reached XP level 3. HP: 25/26 MP: 3/3
  1460 | D:2      | Noticed Sigmund
  1465 | D:2      | Slain by Sigmund

Illustrated notes

Levels and vault maps discovered:
D:1:      shiori_angband_town, layout_basic, serial_curves, eino_curves_01,
          eino_curves_04, amethyst_killhole
D:2:      layout_loops_ring, hellmonk_ecumenical_altar_heavens_door,
          minmay_heptomino_d4, uniq_natasha, uniq_sigmund

Skill      XL: |  1  2 |
---------------+-------+-----
Stealth        | 1 |  1.8
Fighting       | |  3.2
Polearms       | |  2.8
Dodging        | |  3.0
Shields        | |  3.3

Action                   || total
-------------------------++-------
Melee: Trident           ||    53
       Tentacles         ||     9
       Constrict         ||    11
 Stab: Sleeping          ||     6
       Distracted        ||     2
Armor: Skin              ||     2
Dodge: Dodged            ||    19
Block: Buckler           ||     7
